 Dungeon Crawl Stone Soup version 0.21.1-1-g345015f (webtiles) character file.

9132 Kairos the Slicer (level 11, -26/89 HPs)
             Began as a Formicid Abyssal Knight on Mar 27, 2018.
             Was an Elder of Lugonu.
             Annihilated by a large abomination (31 damage)
             ... summoned by Lugonu's corruption
             ... on level 1 of the Lair of Beasts.
             The game lasted 00:31:47 (9615 turns).

Kairos the Slicer (Formicid Abyssal Knight)         Turns: 9615, Time: 00:31:48

Health: -26/89     AC: 15    Str: 17    XL:     11   Next: 68%
Magic:  6/13       EV: 11    Int: 17    God:    Lugonu [****..]
Gold:   551        SH:  0    Dex: 12    Spells: 8/10 levels left

rFire    + . .     SeeInvis +   e - +9 rapier of the Vine {flame, -Tele rC++ rN+++ Int+4}
rCold    + + .     Gourm    .   (no shield)
rNeg     + + +     Faith    .   g - +2 scale mail {rF+}
rPois    .         Spirit   .   (helmet unavailable)
rElec    .         Reflect  .   y - +0 cloak
rCorr    .         Harm     .   J - +0 pair of gloves
MR       ++...                  N - +1 pair of boots
Stlth    +.........             (no amulet)
HPRegen  0.24/turn              o - +3 ring of slaying
MPRegen  0.13/turn              p - ring of protection from magic

@: lethally poisoned (-26 -> -27)
A: permanent stasis, dig shafts and tunnels, four strong arms, antennae 3
a: Dig, Shaft Self, Depart the Abyss, Bend Space, Banish, Corrupt, Renounce
Religion


You were on level 1 of the Lair of Beasts.
You worshipped Lugonu.
Lugonu was greatly pleased with you.
You were not hungry.

You visited 2 branches of the dungeon, and saw 10 of its levels.
You visited the Abyss 1 time.

You collected 551 gold pieces.

Inventory:

Hand Weapons
 e - the +9 rapier of the Vine (weapon) {flame, -Tele rC++ rN+++ Int+4}
   (You found it on level 2 of the Abyss)

   It has been specially enchanted to burn those struck by it, causing extra
   injury to most foes and up to half again as much damage against particularly
   susceptible opponents.
   It affects your intelligence (+4).
   It greatly protects you from cold.
   It renders you almost immune to negative energy.
   It prevents most forms of teleportation.
 z - a +3 quarterstaff of chaos
 A - a +2 great sword of freezing
 I - a +2 flail of protection
 O - a +0 scimitar of flaming
Missiles
 E - 3 tomahawks (quivered)
Armour
 g - a +2 scale mail of fire resistance (worn)
 j - a +0 troll leather armour
 m - a +0 buckler
 y - a +0 cloak (worn)
 J - a +0 pair of gloves (worn)
 N - a +1 pair of boots (worn)
Jewellery
 o - a +3 ring of slaying (left hand)
 p - a ring of protection from magic (right hand)
 K - an uncursed ring of protection from fire {unknown}
Wands
 b - a wand of flame (45)
 d - a wand of acid (17)
 f - a wand of digging (12)
 q - a wand of paralysis (4)
 r - a wand of iceblast (14)
 M - a wand of polymorph (6)
 Q - a wand of enslavement (12)
Scrolls
 h - 2 scrolls of remove curse
 i - 5 scrolls of fear
 n - 3 scrolls of amnesia
 t - 2 scrolls of enchant weapon {unknown}
 w - 2 scrolls of enchant armour
 D - 3 scrolls of magic mapping
 G - 2 scrolls of blinking {unknown}
 H - a scroll of summoning
 P - a scroll of fog {unknown}
Potions
 a - 4 potions of flight
 k - 2 potions of agility
 l - 5 potions of heal wounds {unknown}
 s - a potion of brilliance
 v - 4 potions of degeneration {unknown}
 x - a potion of ambrosia {unknown}
 B - a potion of cancellation {unknown}
 F - a potion of curing {unknown}
Books
 u - a book of Minor Magic

   Spells                             Type                      Level
   a - Magic Dart                     Conjuration                  1
   b - Blink                          Translocation                2
   c - Call Imp                       Summoning                    2
   d - Slow                           Hexes                        2
   e - Conjure Flame                  Conjuration/Fire             3
   f - Mephitic Cloud                 Conjuration/Poison/Air       3
 C - a book of Power

   Spells                             Type                      Level
   a - Iskenderun's Battlesphere      Conjuration/Charms           5
   b - Venom Bolt                     Conjuration/Poison           5
   c - Bolt of Magma                  Conjuration/Fire/Earth       5
   d - Iron Shot                      Conjuration/Earth            6
   e - Orb of Destruction             Conjuration                  7
   f - Spellforged Servitor           Conjuration/Summoning        7
 L - a book of Changes

   Spells                             Type                      Level
   a - Beastly Appendage              Transmutation                1
   b - Sticks to Snakes               Transmutation                2
   c - Spider Form                    Transmutation/Poison         3
   d - Ice Form                       Ice/Transmutation            4
   e - Blade Hands                    Transmutation                5
Comestibles
 c - 23 rations


   Skills:
 + Level 9.0 Fighting
 + Level 11.2 Short Blades
 + Level 2.0 Maces & Flails
 + Level 9.6 Armour
 + Level 4.4 Dodging
 + Level 3.7 Stealth
 + Level 3.0 Shields
 * Level 3.8 Invocations
 + Level 0.2 Evocations


You had 8 spell levels left.
You knew the following spells:

 Your Spells              Type           Power        Failure   Level  Hunger
a - Slow                  Hex            #.......     67%         2    ###....


Dungeon Overview and Level Annotations

Branches:
Dungeon (9/15)             Temple (0/1) D:6            Lair (1/6) D:9
    Orc: D:9-12

Altars:
Ashenzari
Fedhas
Gozag
Hepliaklqana
Kikubaaqudgha
Makhleb
Nemelex Xobeh
Okawaru
Qazlal
Ru
Trog
Vehumet
Zin

Shops:
D:8 !

Annotations:
Lair:1 corrupted


Innate Abilities, Weirdness & Mutations

You cannot be hasted, slowed, berserked, paralysed or teleported.
You can dig through walls and to a lower floor.
Your four strong arms can wield two-handed weapons with a shield.
You have a pair of large antennae on your head. (SInv)


Message History

You puncture the hippogriff! You burn the hippogriff.
The hippogriff is heavily wounded.
You impale the hippogriff!! You burn the hippogriff.
You kill the hippogriff!
Lugonu accepts your kill.
The ice devil hits you but does no damage.
You feel a bit more experienced.
The large abomination barely misses you.
The starspawn tentacle grabs something.
The starspawn tentacle constricts something.
A starspawn tentacle comes into view.
You barely miss the blink frog.
The blink frog is almost dead.
The blink frog blinks!
Something hits the starspawn tentacle!
You feel a bit more experienced. The ice devil hits you.
* * * LOW HITPOINT WARNING * * *
The ice devil freezes you. You resist.
* * * LOW HITPOINT WARNING * * *
The large abomination hits you!!
You die...

##.........##...#.........
#...............#........#
######...........####.........
.................# #.........#
######...........##.#........#
#.##+.#####..#.#.>.......
####..# ##.h4.###....#### ##..
#44X2.#{#...## #{###
#@#.#{.+##.## .{...
#§#{#..{......
....{{##w##...{...(.#
..{{#{{{#│.{{{......# ...
.J.{X{P{#│..........# ....
.X3.{{{{V#.#.1.X.... ...P
.....{{............. ...#
.......###.......... .###
....#.# ##........


You could see a neutral lorocyproca (invisible), a neutral hell hog, a neutral
orange demon, a neutral large abomination (wandering), a neutral ice devil
(wandering), a neutral chaos spawn (wandering) and a neutral starspawn tentacle.

Vanquished Creatures
  A hydra (Lair:1)
  Erica (D:9)
  A two-headed ogre (D:7)
  2 komodo dragons (Lair:1)
  A troll (D:8)
  2 hippogriffs
  2 humans (D:9)
  2 wyverns (D:9)
  A hungry ghost (D:8)
  2 water moccasins (Lair:1)
  2 porcupines (D:9)
  2 orc warriors (D:9)
  3 sky beasts
  6 black bears
  3 necrophages
  A wolf (D:9)
  A phantom (D:4)
  A centaur (D:7)
  5 ogres
  3 big kobolds
  3 crocodiles (D:9)
  3 bullfrogs
  A gnoll sergeant (D:8)
  A jelly (D:5)
  A wyvern zombie (D:9)
  3 scorpions
  A wyvern skeleton (D:7)
  4 killer bees
  3 wights (D:6)
  3 howler monkeys
  6 crimson imps
  A quasit (D:8)
  2 orc priests
  Crazy Yiuf (D:5)
  3 hounds
  6 orc wizards
  2 bullfrog skeletons
  3 centaur skeletons
  7 iguanas
  9 worker ants
  2 hound zombies
  3 hound skeletons
  A howler monkey zombie (D:7)
  A howler monkey skeleton (D:6)
  3 gnolls (D:8)
  14 adders
  2 shadow imps
  An adder zombie (D:5)
  2 adder skeletons
  A worm (D:2)
  5 leopard geckos
  37 orcs
  3 giant cockroaches
  3 goblins
  3 hobgoblins
  8 jackals
  2 quokkas (D:5)
  3 ball pythons
  9 bats
  5 frilled lizards
  17 kobolds
  3 rats
233 creatures vanquished.

Vanquished Creatures (others)
  2 blink frogs (Lair:1)
  A bush (D:9)
3 creatures vanquished.

Grand Total: 236 creatures vanquished

Notes
Turn   | Place    | Note
-------+----------+-------------------------------------------
     0 | Abyss:1  | Kairos the Formicid Abyssal Knight began the quest for the Orb.
     0 | Abyss:1  | Reached XP level 1. HP: 18/18 MP: 2/2
    42 | Abyss:2  | Got a shimmering rapier
    58 | Abyss:2  | Identified the +9 rapier of the Vine {flame, -Tele rC++ rN+++ Int+4} (You found it on level 2 of the Abyss)
    88 | D:1      | Escaped the Abyss
   341 | D:1      | Reached skill level 1 in Dodging
   356 | D:1      | Reached XP level 2. HP: 21/24 MP: 3/3
   441 | D:1      | Reached * piety under Lugonu
   965 | D:2      | Reached XP level 3. HP: 30/30 MP: 4/4
  1182 | D:2      | Reached skill level 1 in Short Blades
  1185 | D:2      | Found a hazy altar of Hepliaklqana.
  1186 | D:2      | Found a bloodstained altar of Trog.
  1189 | D:2      | Found a blossoming altar of Fedhas.
  1189 | D:2      | Found a radiant altar of Vehumet.
  1191 | D:2      | Found a sacrificial altar of Ru.
  1191 | D:2      | Found a sparkling altar of Nemelex Xobeh.
  1192 | D:2      | Found an ancient bone altar of Kikubaaqudgha.
  1882 | D:3      | Found a burning altar of Makhleb.
  1885 | D:3      | Found a glowing silver altar of Zin.
  1885 | D:3      | Noticed an angel
  1886 | D:3      | Noticed a cacodemon
  1905 | D:3      | Reached XP level 4. HP: 37/37 MP: 5/5
  1924 | D:3      | Found a shattered altar of Ashenzari.
  2346 | D:4      | Reached skill level 2 in Short Blades
  2346 | D:4      | Reached XP level 5. HP: 16/42 MP: 6/6
  2599 | D:4      | Reached skill level 3 in Short Blades
  2613 | D:4      | Reached ** piety under Lugonu
  2616 | D:4      | Reached XP level 6. HP: 37/48 MP: 7/7
  2627 | D:4      | Reached skill level 1 in Stealth
  2648 | D:4      | Noticed an ogre
  2838 | D:4      | Noticed a hippogriff
  2848 | D:4      | Killed a hippogriff
  2848 | D:4      | Reached skill level 4 in Short Blades
  2848 | D:4      | Reached XP level 7. HP: 21/55 MP: 8/8
  3212 | D:4      | Reached skill level 5 in Fighting
  3212 | D:4      | Reached skill level 5 in Short Blades
  3365 | D:5      | Entered Level 5 of the Dungeon
  3409 | D:5      | Reached skill level 5 in Armour
  3432 | D:5      | Reached XP level 8. HP: 62/62 MP: 9/9
  3773 | D:5      | Learned a level 2 spell: Slow
  3815 | D:5      | Found a stormy altar of Qazlal.
  3922 | D:5      | Found a runed door.
  3926 | D:5      | Noticed Crazy Yiuf
  3929 | D:5      | Killed Crazy Yiuf
  4009 | D:5      | Found an opulent altar of Gozag.
  4301 | D:6      | Reached skill level 6 in Short Blades
  4396 | D:6      | Reached *** piety under Lugonu
  4409 | D:6      | Reached XP level 9. HP: 41/69 MP: 10/10
  4427 | D:6      | Found a staircase to the Ecumenical Temple.
  4868 | D:6      | Reached skill level 7 in Short Blades
  5395 | D:7      | Reached skill level 1 in Shields
  5508 | D:7      | Noticed a two-headed ogre
  5519 | D:7      | Killed a two-headed ogre
  5519 | D:7      | Reached skill level 8 in Short Blades
  5519 | D:7      | Reached XP level 10. HP: 35/79 MP: 11/11
  5708 | D:7      | Reached **** piety under Lugonu
  6100 | D:7      | Reached skill level 9 in Short Blades
  6265 | D:8      | You fall through a shaft!
  6359 | D:8      | Found Xatipyntic's Distillery.
  6803 | D:8      | Reached ***** piety under Lugonu
  7337 | D:9      | Reached skill level 10 in Short Blades
  7350 | D:9      | Found a staircase to the Lair.
  7376 | D:9      | Reached XP level 11. HP: 65/87 MP: 12/12
  7713 | D:9      | Found an iron altar of Okawaru.
  7782 | D:9      | Noticed Erica
  7830 | D:9      | Killed Erica
  7836 | D:9      | Reached skill level 11 in Short Blades
  8063 | Lair:1   | Entered Level 1 of the Lair of Beasts
  8225 | Lair:1   | Noticed an eight-headed hydra
  9433 | Lair:1   | Killed an eight-headed hydra
  9610 | Lair:1   | Corrupted Lair:1
  9610 | Lair:1   | Noticed a hell hog
  9610 | Lair:1   | Noticed a starcursed mass
  9610 | Lair:1   | Noticed a brown very ugly thing
  9610 | Lair:1   | Noticed a cyan very ugly thing
  9610 | Lair:1   | Noticed a tentacled starspawn
  9610 | Lair:1   | Noticed a Hell Sentinel
  9610 | Lair:1   | Noticed a large abomination
  9610 | Lair:1   | Noticed a large abomination
  9611 | Lair:1   | Noticed a lorocyproca
  9615 | Lair:1   | Annihilated by a large abomination

Skill      XL: |  1  2  3  4  5  6  7  8  9 10 11 |
---------------+----------------------------------+-----
Dodging        | 1 2 3 4 |  4.4
Short Blades   | 1 2 3 4 5 6 8 10 11 | 11.2
Fighting       | 4 5 6 7 8 9 |  9.0
Armour         | 3 4 5 7 8 9 |  9.6
Stealth        | 1 2 3 |  3.7
Shields        | 1 2 3 |  3.0
Invocations    | 3 |  3.8
Maces & Flails | |  2.0
Evocations     | |  0.2

Action                   |  1- 3 |  4- 6 |  7- 9 | 10-12 || total
-------------------------+-------+-------+-------+-------++-------
Melee: Rapier            |    57 |    52 |   178 |   277 ||   564
       Scimitar          |       |       |       |     6 ||     6
Invok: Depart the Abyss  |     1 |       |       |       ||     1
       Bend Space        |       |       |       |     4 ||     4
       Banish            |       |       |       |     2 ||     2
       Corrupt           |       |       |       |     1 ||     1
 Abil: Dig               |       |       |       |     1 ||     1
Evoke: Wand              |       |       |     2 |     1 ||     3
  Use: Scroll            |       |       |     5 |     6 ||    11
 Stab: Paralysed         |       |       |     2 |     1 ||     3
  Eat: Chunk             |     2 |     3 |     9 |     9 ||    23
       Ration            |       |       |       |     2 ||     2
Armor: Scale mail        |    28 |    28 |    61 |    99 ||   216
Dodge: Dodged            |    34 |    25 |    56 |   127 ||   242
Block: Buckler           |       |       |    12 |    42 ||    54
       Rpst.: Scimitar   |       |       |       |     1 ||     1
